[ PARTIDA AOE2 · #495462592 ]
UnrankedCumanos vs Shu
Equipo del jugador · DERR
Equipo rival · VICT
[ ANÁLISIS DE REPETICIÓN · EXTRAÍDO DE LA PARTIDA GRABADA ]
Feudal
9:16
Castillos
23:02
Imperial
36:52
| APM promedio | 62.0 |
| APM pico | 111 |
| eAPM promedio | 41.4 |
| Aldeanos / militares | 293 / 223 |
Foco
⚔️ 36.3% · 🌾 63.7%
Scout Cavalry ×79 · Kipchak ×69 · Steppe Lancer ×38 · Spearman ×6 · Camel Scout ×6 · Monk ×5
Feudal
10:06
Castillos
18:47
Imperial
37:08
| APM promedio | 31.7 |
| APM pico | 61 |
| eAPM promedio | 19.1 |
| Aldeanos / militares | 144 / 28 |
Foco
⚔️ 32.5% · 🌾 67.5%
Unknown (1959) ×136 · Battering Ram ×19 · Unknown (1942) ×16 · Unknown (1944) ×7 · Mangonel ×4 · Monk ×2
Mapa de la partida
Recursos iniciales + cada clic de construcción. Líneas = muros · curvas = relieve. ◆ oro · ⬟ piedra · ● bayas · ✦ reliquia · ◌ hueco del cierre
Tu base· ✓ Cerrada en 23:02 · 1t muro · 2 puerta(s)
Base de APM | Aramatu· ✓ Cerrada en 18:47 · 13t muro · 2 puerta(s)
Terreno inicial suavizado · ◌ = hueco del cierre detectado · pasá el cursor para detalles
Inputs por minuto
— El Comadreja - - APM | Aramatu
Build order — El Comadreja
Primeras 150 de 773 acciones detectadas
| 0:00 | Crear | Villager (Male) |
| 0:01 | Crear | Villager (Male) |
| 0:01 | Construir | House |
| 0:02 | Construir | House |
| 0:06 | Crear | Villager (Male) |
| 0:06 | Crear | Villager (Male) |
| 0:06 | Crear | Villager (Male) |
| 1:25 | Crear | Villager (Male) |
| 1:25 | Crear | Villager (Male) |
| 1:44 | Construir | Lumber Camp |
| 1:54 | Crear | Villager (Male) |
| 1:54 | Crear | Villager (Male) |
| 2:22 | Crear | Villager (Male) |
| 2:23 | Crear | Villager (Male) |
| 2:53 | Crear | Villager (Male) |
| 2:53 | Crear | Villager (Male) |
| 2:53 | Crear | Villager (Male) |
| 3:42 | Crear | Villager (Male) |
| 3:42 | Crear | Villager (Male) |
| 3:49 | Construir | House |
| 4:10 | Crear | Villager (Male) |
| 4:11 | Crear | Villager (Male) |
| 4:34 | Crear | Villager (Male) |
| 4:34 | Crear | Villager (Male) |
| 5:35 | Crear | Villager (Male) |
| 5:42 | Construir | Mining Camp |
| 5:44 | Crear | Villager (Male) |
| 5:44 | Crear | Villager (Male) |
| 6:02 | Crear | Villager (Male) |
| 6:03 | Crear | Villager (Male) |
| 6:03 | Crear | Villager (Male) |
| 6:06 | Crear | Villager (Male) |
| 6:26 | Investigar | Loom |
| 7:00 | Investigar | Feudal Age |
| 7:01 | Investigar | Feudal Age |
| 7:17 | Construir | House |
| 7:48 | Construir | Mining Camp |
| 7:55 | Construir | Palisade Wall |
| 8:37 | Crear | Villager (Male) |
| 9:03 | Construir | House |
| 9:16 | Edad | Edad Feudal |
| 9:17 | Construir | Blacksmith |
| 9:18 | Crear | Villager (Male) |
| 9:23 | Construir | Watch Tower |
| 9:32 | Investigar | Double-Bit Axe |
| 9:32 | Crear | Villager (Male) |
| 9:56 | Crear | Villager (Male) |
| 10:07 | Construir | Siege Workshop |
| 10:19 | Construir | House |
| 10:24 | Crear | Villager (Male) |
| 10:31 | Crear | Battering Ram |
| 10:31 | Crear | Battering Ram |
| 10:55 | Investigar | Fletching |
| 10:55 | Investigar | Fletching |
| 11:18 | Crear | Villager (Male) |
| 11:23 | Construir | Mill |
| 11:55 | Construir | Watch Tower |
| 12:04 | Construir | House |
| 12:06 | Construir | House |
| 12:13 | Crear | Villager (Male) |
| 12:33 | Construir | Watch Tower |
| 12:36 | Crear | Villager (Male) |
| 12:37 | Crear | Villager (Male) |
| 12:54 | Crear | Battering Ram |
| 12:55 | Crear | Battering Ram |
| 13:00 | Crear | Villager (Male) |
| 13:00 | Crear | Villager (Male) |
| 13:05 | Crear | Villager (Male) |
| 13:05 | Crear | Villager (Male) |
| 13:36 | Crear | Villager (Male) |
| 13:52 | Crear | Villager (Male) |
| 14:22 | Crear | Villager (Male) |
| 14:22 | Crear | Villager (Male) |
| 14:22 | Crear | Villager (Male) |
| 14:23 | Construir | Farm |
| 14:26 | Crear | Villager (Male) |
| 14:52 | Construir | Watch Tower |
| 15:04 | Construir | Watch Tower |
| 15:18 | Construir | Watch Tower |
| 15:20 | Crear | Villager (Male) |
| 15:20 | Crear | Villager (Male) |
| 15:21 | Crear | Villager (Male) |
| 15:24 | Crear | Villager (Male) |
| 15:26 | Construir | Farm |
| 15:28 | Construir | Market |
| 15:46 | Crear | Villager (Male) |
| 16:00 | Crear | Villager (Male) |
| 16:00 | Crear | Villager (Male) |
| 16:02 | Construir | Farm |
| 16:03 | Construir | Farm |
| 16:16 | Crear | Villager (Male) |
| 16:26 | Construir | Watch Tower |
| 16:32 | Construir | Watch Tower |
| 16:40 | Construir | Watch Tower |
| 16:44 | Crear | Villager (Male) |
| 16:48 | Crear | Villager (Male) |
| 16:54 | Crear | Villager (Male) |
| 17:13 | Crear | Villager (Male) |
| 17:15 | Construir | Farm |
| 17:27 | Crear | Villager (Male) |
| 17:27 | Crear | Villager (Male) |
| 17:30 | Crear | Villager (Male) |
| 17:30 | Crear | Villager (Male) |
| 17:30 | Crear | Villager (Male) |
| 17:34 | Crear | Villager (Male) |
| 17:34 | Crear | Villager (Male) |
| 17:36 | Crear | Villager (Male) |
| 17:36 | Crear | Villager (Male) |
| 17:39 | Construir | House |
| 17:42 | Construir | Lumber Camp |
| 17:52 | Crear | Villager (Male) |
| 17:52 | Crear | Villager (Male) |
| 18:18 | Construir | Watch Tower |
| 18:24 | Construir | Watch Tower |
| 18:25 | Crear | Villager (Male) |
| 18:25 | Crear | Villager (Male) |
| 18:36 | Construir | Watch Tower |
| 18:36 | Crear | Villager (Male) |
| 18:37 | Crear | Villager (Male) |
| 18:49 | Crear | Villager (Male) |
| 19:06 | Crear | Villager (Male) |
| 19:09 | Crear | Villager (Male) |
| 19:09 | Crear | Villager (Male) |
| 19:12 | Construir | Farm |
| 19:12 | Construir | Farm |
| 19:16 | Crear | Villager (Male) |
| 19:17 | Crear | Villager (Male) |
| 19:25 | Construir | Watch Tower |
| 19:35 | Construir | Farm |
| 20:01 | Crear | Villager (Male) |
| 20:09 | Crear | Villager (Male) |
| 20:22 | Investigar | Castle Age |
| 20:23 | Investigar | Castle Age |
| 21:10 | Crear | Villager (Male) |
| 21:13 | Crear | Villager (Male) |
| 21:14 | Crear | Villager (Male) |
| 21:33 | Construir | Barracks |
| 21:40 | Crear | Villager (Male) |
| 21:44 | Crear | Villager (Male) |
| 21:55 | Investigar | Horse Collar |
| 22:01 | Crear | Battering Ram |
| 22:05 | Investigar | Scale Mail Armor |
| 22:07 | Construir | Farm |
| 22:07 | Crear | Villager (Male) |
| 22:19 | Construir | Watch Tower |
| 22:21 | Crear | Spearman |
| 22:22 | Crear | Spearman |
| 22:31 | Crear | Spearman |
| 22:40 | Crear | Spearman |
| 22:45 | Construir | Watch Tower |
Build order — APM | Aramatu
Primeras 150 de 319 acciones detectadas
| 0:00 | Crear | Villager (Male) |
| 0:01 | Crear | Villager (Male) |
| 0:01 | Crear | Villager (Male) |
| 0:01 | Crear | Villager (Male) |
| 0:02 | Construir | House |
| 0:04 | Construir | House |
| 1:22 | Crear | Villager (Male) |
| 1:49 | Construir | Lumber Camp |
| 2:00 | Crear | Villager (Male) |
| 2:16 | Crear | Villager (Male) |
| 2:34 | Crear | Villager (Male) |
| 2:34 | Crear | Villager (Male) |
| 3:11 | Crear | Villager (Male) |
| 3:46 | Crear | Villager (Male) |
| 3:46 | Crear | Villager (Male) |
| 3:47 | Crear | Villager (Male) |
| 3:53 | Construir | House |
| 3:55 | Construir | House |
| 4:41 | Construir | Mill |
| 4:45 | Crear | Villager (Male) |
| 4:46 | Crear | Villager (Male) |
| 5:36 | Crear | Villager (Male) |
| 5:52 | Crear | Villager (Male) |
| 5:52 | Crear | Villager (Male) |
| 5:53 | Crear | Villager (Male) |
| 6:45 | Investigar | Loom |
| 6:55 | Crear | Villager (Male) |
| 7:39 | Construir | Mining Camp |
| 7:52 | Investigar | Feudal Age |
| 8:22 | Construir | House |
| 9:12 | Investigar | Loom |
| 9:13 | Crear | Villager (Male) |
| 9:13 | Crear | Villager (Male) |
| 9:23 | Construir | Palisade Wall |
| 9:28 | Construir | Palisade Wall |
| 10:06 | Edad | Edad Feudal |
| 10:15 | Construir | Barracks |
| 10:30 | Investigar | Double-Bit Axe |
| 10:32 | Investigar | Horse Collar |
| 10:37 | Construir | Watch Tower |
| 10:55 | Construir | Mining Camp |
| 10:59 | Crear | Villager (Male) |
| 11:14 | Crear | Spearman |
| 11:24 | Crear | Villager (Male) |
| 11:48 | Crear | Villager (Male) |
| 11:54 | Construir | Farm |
| 11:56 | Crear | Villager (Male) |
| 12:12 | Crear | Villager (Male) |
| 12:15 | Construir | Farm |
| 12:22 | Construir | Farm |
| 13:03 | Crear | Villager (Male) |
| 13:05 | Construir | House |
| 13:06 | Construir | House |
| 13:19 | Crear | Villager (Male) |
| 13:22 | Investigar | Wheelbarrow |
| 13:32 | Construir | Farm |
| 13:33 | Construir | Farm |
| 13:39 | Construir | Blacksmith |
| 14:13 | Construir | Watch Tower |
| 14:20 | Construir | House |
| 14:22 | Construir | Palisade Wall |
| 14:38 | Crear | Villager (Male) |
| 14:39 | Crear | Villager (Male) |
| 15:16 | Construir | Market |
| 15:23 | Construir | Farm |
| 15:34 | Crear | Villager (Male) |
| 15:44 | Construir | House |
| 15:45 | Construir | House |
| 16:01 | Construir | Farm |
| 16:04 | Construir | Farm |
| 16:07 | Investigar | Castle Age |
| 16:31 | Construir | Stable |
| 16:44 | Investigar | Fletching |
| 16:56 | Construir | Farm |
| 17:23 | Construir | Farm |
| 17:34 | Crear | Villager (Male) |
| 18:47 | Edad | Edad de los Castillos |
| 18:49 | Construir | Siege Workshop |
| 18:53 | Crear | Unit 1944 |
| 18:54 | Crear | Villager (Male) |
| 19:20 | Crear | Battering Ram |
| 19:22 | Crear | Villager (Male) |
| 19:23 | Crear | Unit 1944 |
| 19:51 | Crear | Unit 1944 |
| 19:59 | Crear | Villager (Male) |
| 20:15 | Construir | Mill |
| 20:16 | Construir | Farm |
| 20:16 | Construir | Farm |
| 20:16 | Construir | Farm |
| 20:16 | Construir | Farm |
| 20:25 | Crear | Villager (Male) |
| 20:32 | Crear | Unit 1944 |
| 20:33 | Crear | Unit 1944 |
| 20:51 | Construir | House |
| 20:52 | Construir | House |
| 21:13 | Crear | Battering Ram |
| 21:35 | Crear | Villager (Male) |
| 21:36 | Crear | Mangonel |
| 21:37 | Crear | Villager (Male) |
| 21:50 | Construir | Farm |
| 21:51 | Investigar | Heavy Plow |
| 21:56 | Investigar | Bow Saw |
| 22:06 | Crear | Villager (Male) |
| 22:14 | Investigar | Scale Barding Armor |
| 22:38 | Crear | Mangonel |
| 22:39 | Crear | Villager (Male) |
| 22:40 | Crear | Villager (Male) |
| 22:51 | Crear | Villager (Male) |
| 23:23 | Crear | Villager (Male) |
| 23:35 | Crear | Villager (Male) |
| 23:40 | Crear | Villager (Male) |
| 23:45 | Crear | Villager (Male) |
| 23:52 | Construir | House |
| 24:05 | Crear | Villager (Male) |
| 24:13 | Crear | Villager (Male) |
| 24:31 | Crear | Villager (Male) |
| 24:36 | Construir | Town Center |
| 24:47 | Crear | Mangonel |
| 25:02 | Crear | Villager (Male) |
| 25:04 | Crear | Mangonel |
| 25:15 | Crear | Villager (Male) |
| 25:33 | Crear | Villager (Male) |
| 25:36 | Crear | Unit 1944 |
| 26:05 | Crear | Villager (Male) |
| 26:09 | Crear | Villager (Male) |
| 26:54 | Crear | Villager (Male) |
| 26:54 | Crear | Villager (Male) |
| 26:55 | Crear | Villager (Male) |
| 27:11 | Crear | Villager (Male) |
| 27:21 | Construir | Castle |
| 28:01 | Crear | Villager (Male) ×5 |
| 28:02 | Crear | Battering Ram |
| 28:09 | Crear | Villager (Male) |
| 28:17 | Construir | Farm |
| 28:18 | Construir | Farm |
| 28:18 | Construir | Farm |
| 28:18 | Construir | Farm |
| 28:18 | Construir | Farm |
| 28:19 | Construir | Farm |
| 28:19 | Construir | Farm |
| 28:23 | Construir | Farm |
| 28:33 | Crear | Unit 1944 |
| 28:38 | Construir | Monastery |
| 28:50 | Construir | Farm |
| 28:51 | Construir | Farm |
| 28:52 | Construir | Farm |
| 29:07 | Investigar | Bodkin Arrow |
| 29:12 | Crear | Villager (Male) |
| 29:36 | Crear | Villager (Male) ×5 |
| 29:39 | Crear | Monk |
Cronología de la partida
| 7:55 | El Comadreja · wall_segment Palisade Wall x1 |
| 9:16 | El Comadreja · age_up feudal |
| 9:23 | APM | Aramatu · wall_segment Palisade Wall x6 |
| 9:28 | APM | Aramatu · wall_segment Palisade Wall x6 |
| 10:06 | APM | Aramatu · age_up feudal |
| 10:07 | El Comadreja · first_building Siege Workshop |
| 10:15 | APM | Aramatu · first_building Barracks |
| 14:22 | APM | Aramatu · wall_segment Palisade Wall x1 |
| 16:31 | APM | Aramatu · first_building Stable |
| 16:47 | El Comadreja · first_market_buy 100 food |
| 18:47 | APM | Aramatu · age_up castle |
| 18:49 | APM | Aramatu · first_building Siege Workshop |
| 21:33 | El Comadreja · first_building Barracks |
| 23:02 | El Comadreja · age_up castle |
| 24:15 | APM | Aramatu · first_market_sell 100 food |
| 24:23 | El Comadreja · first_building Monastery |
| 27:21 | APM | Aramatu · first_building Castle |
| 28:38 | APM | Aramatu · first_building Monastery |
| 33:09 | El Comadreja · first_building Castle |
| 33:14 | APM | Aramatu · first_market_buy 100 wood |
| 33:18 | El Comadreja · first_market_sell 100 wood |
| 35:26 | El Comadreja · first_building Archery Range |
| 35:35 | El Comadreja · first_building Stable |
| 35:52 | APM | Aramatu · first_building Archery Range |
| 36:52 | El Comadreja · age_up imperial |
| 37:08 | APM | Aramatu · age_up imperial |
| 48:33 | El Comadreja · resign |
[ ANÁLISIS IA · 1 CRÉDITO ]
¿Qué pasó realmente en esta partida?
Wolo.gg analiza cada decisión: build order, eco, micro, errores típicos por bracket. Análisis personalizado por WhatsApp o Discord en 30 segundos.
Guía civ
Cumanos
Perfil
El Comadreja